 Dungeon Crawl Stone Soup version 0.23-a0-359-g9beedce (webtiles) character file.

17904 lemonriz the Carver (level 12, -3/108 HPs)
             Began as a Minotaur Fighter on Oct 23, 2018.
             Was a High Priest of Yredelemnul.
             Slain by Rupert
             ... wielding a +2 battleaxe of flaming
              (4 damage)
             ... on level 11 of the Dungeon.
             The game lasted 00:33:39 (13225 turns).

lemonriz the Carver (Minotaur Fighter)             Turns: 13225, Time: 00:33:41

Health: -3/108     AC: 21    Str: 28    XL:     12   Next: 23%
Magic:  22/22      EV: 10    Int:  8    God:    Yredelemnul [*****.]
Gold:   567        SH: 14    Dex: 18    Spells: 11/11 levels left

rFire    x . .     SeeInvis .   c - +2 dagger (venom)
rCold    . . .     Gourm    +   t - +1 shield
rNeg     . . .     Faith    .   i - +0 plate armour
rPois    .         Spirit   .   K - +2 hat {Int+3}
rElec    .         Reflect  .   G - +0 cloak
rCorr    .         Harm     .   F - +0 pair of gloves "Arphaw" {Str+4}
MR       .....                  D - +0 pair of boots (curse)
Stlth    ..........             R - amulet of the gourmand
HPRegen  0.28/turn              B - ring of ice
MPRegen  0.18/turn              P - ring "Vuoxtim" {rC- MP+9 Dex+6 Slay+2}

@: about to teleport, hasted, very quick
A: retaliatory headbutt, horns 2
a: Recall Undead Slaves, Injury Mirror, Animate Dead, Drain Life, Enslave Soul,
Renounce Religion


You were on level 11 of the Dungeon.
You worshipped Yredelemnul.
Yredelemnul was extremely pleased with you.
You were not hungry.

You visited 2 branches of the dungeon, and saw 13 of its levels.
You also visited: Labyrinth and Ossuary.

You collected 941 gold pieces.
You spent 374 gold pieces at shops.

Inventory:

Hand Weapons
 a - a +0 long sword
 b - a +1 hunting sling of freezing
 c - a +2 dagger of venom (weapon)
Missiles
 r - 40 sling bullets
 x - 3 steel javelins (quivered)
Armour
 i - a +0 plate armour (worn)
 t - a +1 shield (worn)
 D - a cursed +0 pair of boots (worn)
 F - the +0 pair of gloves "Arphaw" (worn) {Str+4}
   (You found it on level 6 of the Dungeon)

   It affects your strength (+4).
 G - a +0 cloak (worn)
 K - a +2 hat of intelligence (worn)
Jewellery
 h - an uncursed amulet of magic regeneration
 B - a ring of ice (left hand)
 H - an uncursed ring of protection from fire
 I - an uncursed ring of poison resistance {unknown}
 M - an uncursed ring of protection from cold {unknown}
 P - the ring "Vuoxtim" (right hand) {rC- MP+9 Dex+6 Slay+2}
   (You found it in a labyrinth)

   [ring of dexterity]

   It affects your dexterity (+6).
   It affects your accuracy and damage with ranged weapons and melee attacks
   (+2).
   It makes you vulnerable to cold.
   It affects your magic capacity (+9).
 R - an amulet of the gourmand (around neck)
 U - an uncursed ring of protection from magic {unknown}
Wands
 z - a wand of paralysis (7)
 E - a wand of digging (12)
 L - a wand of clouds (3)
 N - a wand of scattershot (5)
 O - a wand of random effects (40)
 Q - a wand of acid (10)
 T - a wand of iceblast (8)
Scrolls
 l - 2 scrolls of enchant armour
 n - 2 scrolls of fear
 w - 3 scrolls of amnesia
 y - 2 scrolls of remove curse
 S - a scroll of teleportation
Potions
 d - 4 potions of might
 e - 5 potions of brilliance
 g - 2 potions of flight
 j - 2 potions of ambrosia
 k - 4 potions of curing
 m - 2 potions of magic
 o - a potion of degeneration {unknown}
 q - a potion of heal wounds {unknown}
 s - a potion of agility
 u - 3 potions of lignification
 v - a potion of mutation {unknown}
 A - a potion of berserk rage {unknown}
Comestibles
 f - 23 rations


   Skills:
 + Level 10.7 Fighting
 * Level 13.9 Long Blades
 - Level 3.0 Slings
 + Level 10.6 Armour
 + Level 4.7 Dodging
 + Level 10.7 Shields
 + Level 3.4 Invocations
 - Level 3.0 Evocations


You had 11 spell levels left.
You didn't know any spells.
Your spell library contained the following spells:

 Spells                   Type           Power        Failure   Level  Hunger
 Confusing Touch          Hex            #.....       99%         1    ##.....
 Magic Dart               Conj           #...         99%         1    ##.....
 Blink                    Tloc           N/A          100%        2    ###....
 Call Imp                 Summ           #.......     100%        2    ###....
 Searing Ray              Conj           #.....       100%        2    ###....
 Slow                     Hex            #.......     100%        2    ###....
 Conjure Flame            Conj/Fire      #.......     100%        3    ####...
 Dazzling Spray           Conj/Hex       #.....       100%        3    ####...
 Mephitic Cloud           Conj/Pois/Air  #.......     100%        3    ####...
 Spectral Weapon          Hex/Chrm       #.......     100%        3    ####...
 Cause Fear               Hex            #.........   100%        4    #####..
 Force Lance              Conj/Tloc      #.......     100%        4    #####..
 Fulminant Prism          Conj/Hex       #.........   100%        4    #####..
 Iskenderun's Mystic Bla  Conj           #.......     100%        4    #####..
 Silence                  Hex/Air        #.........   100%        5    ######.
 Summon Mana Viper        Hex/Summ       #.......     100%        5    ######.
 Yara's Violent Unravell  Hex/Tmut       #.........   100%        5    ######.
 Deflect Missiles         Chrm/Air       #.........   100%        6    #######
 Discord                  Hex            #.........   100%        8    #######


Dungeon Overview and Level Annotations

Branches:
Dungeon (12/15)            Temple (1/1) D:5            Lair (0/6) D:11
    Orc (0/2) D:11

Altars:
Ashenzari
Cheibriados
Dithmenos
Elyvilon
Fedhas
Gozag
Hepliaklqana
Kikubaaqudgha
Makhleb
Nemelex Xobeh
Okawaru
Qazlal
Ru
Sif Muna
Trog
Uskayaw
Vehumet
Wu Jian
Xom
Yredelemnul
Zin
The Shining One
Jiyva

Shops:
D:6 }   D:12 (

Annotations:
D:11 Rupert


Innate Abilities, Weirdness & Mutations

You reflexively headbutt those who attack you in melee.
You have a pair of horns on your head.


Message History

The shadow imp summons a swarm of flies.
You feel yourself speed up.
Rupert hits you with a +2 battleaxe of flaming!
* * * LOW HITPOINT WARNING * * *
Rupert burns you.
* * * LOW HITPOINT WARNING * * *
Rupert rages.
The shadow imp shouts, "Get thee gone, thou fulsome half-faced harpy!"
You see here 25 arrows.
There is a stone staircase leading up here.
You block Rupert's attack.
You climb upwards.
There is a stone staircase leading down here.
As you read the scroll of teleportation, it crumbles to dust.
You feel strangely unstable.
Rupert hits you with a +2 battleaxe of flaming.
* * * LOW HITPOINT WARNING * * *
Rupert burns you.
You die...
Your body rises from the dead as a mindless zombie.

........##..####
.......###.....##
.......##.......#
......###.......#
......##........#
#.....##........##
#....###......>..#
#....##..........#
#....##........@@#
##..###..........#
#...###....<.....##
#.........(.......#
...z..............#
.####.............#
## ###...........#
# #.....>.....#
#...........#


You could see Rupert (berserk).

Vanquished Creatures
  3 two-headed ogres
  Nergalle (D:12)
  2 unseen horrors (Lab)
  2 cyclopes (D:12)
  A manticore (D:11)
  A gargoyle (Lab)
  A minotaur skeleton (Lab)
  2 trolls
  2 hippogriffs
  A redback (Lab)
  A shadow (Lab)
  A vampire (D:10)
  A flying skull (D:11)
  A spriggan (D:7)
  A wraith (D:10)
  9 yaks
  Grum (D:9)
  6 hungry ghosts
  Menkaure (D:7)
  2 wargs (D:11)
  2 water moccasins
  An ice beast (D:11)
  8 orc warriors
  A black bear (D:9)
  A hornet zombie (D:7)
  An eye of draining (D:7)
  3 sky beasts
  3 wolves (D:9)
  6 ogres
  4 phantoms
  2 centaurs
  8 bullfrogs
  A big kobold (D:7)
  2 gnoll sergeants
  5 water moccasin zombies (Ossuary)
  2 scorpions
  8 killer bees
  A troll skeleton (Lab)
  3 howler monkeys
  9 wights
  2 spriggan skeletons (Lab)
  4 lava snakes (Lab)
  3 crimson imps
  3 centaur zombies
  A bullfrog zombie (D:5)
  9 hounds
  4 jellies (D:9)
  5 orc priests
  A gnoll shaman (D:3)
  6 bullfrog skeletons
  A centaur skeleton (D:7)
  An iguana (D:11)
  10 orc wizards
  8 worker ants
  An ogre skeleton (Lab)
  A hound zombie (D:10)
  A hound skeleton (D:10)
  2 mummies (Ossuary)
  16 gnolls
  A howler monkey skeleton (D:6)
  16 adders
  3 shadow imps
  6 adder zombies (Ossuary)
  A worm (D:3)
  A dart slug (D:4)
  5 leopard geckos
  55 orcs
  5 bats
  6 giant cockroaches
  3 gnoll zombies (Ossuary)
  15 goblins
  6 hobgoblins
  6 jackals
  7 kobolds
  5 quokkas
  5 frilled lizards
  7 hobgoblin zombies (Ossuary)
  A jackal skeleton (D:8)
  A jackal zombie (D:7)
  6 kobold zombies (Ossuary)
  4 orc zombies (Ossuary)
  A quokka zombie (D:7)
  13 rats
369 creatures vanquished.

Vanquished Creatures (collateral kills)
  A minotaur (Lab)
  A centaur zombie (D:11)
  A gargoyle (Lab)
  2 trolls (D:11)
  A hippogriff (D:11)
  A wyvern (D:12)
  A warg (D:11)
  2 orc warriors (D:11)
  An ogre (D:11)
  6 centaurs (D:11)
  A big kobold (D:11)
  3 gnoll sergeants (D:11)
  A howler monkey (D:12)
  A worker ant zombie (D:11)
  A gnoll (D:11)
  An orc (D:11)
25 creatures vanquished.

Vanquished Creatures (others)
  3 flying skulls (D:12)
  An orc zombie (D:12)
  A wyvern zombie (D:12)
  A yak zombie (D:9)
  A mummy (D:10)
  A howler monkey zombie (D:12)
  An orc skeleton (D:9)
9 creatures vanquished.

Grand Total: 403 creatures vanquished

Notes
Turn   | Place    | Note
-------+----------+-------------------------------------------
     0 | D:1      | lemonriz the Minotaur Fighter began the quest for the Orb.
     0 | D:1      | Reached XP level 1. HP: 19/19 MP: 0/0
   298 | D:1      | Reached XP level 2. HP: 21/27 MP: 1/1
   773 | D:2      | Reached skill level 3 in Long Blades
   989 | D:2      | Reached XP level 3. HP: 27/33 MP: 2/2
  1588 | D:3      | Reached XP level 4. HP: 40/40 MP: 3/3
  1809 | D:3      | Reached skill level 4 in Long Blades
  1966 | D:3      | Reached XP level 5. HP: 22/47 MP: 4/4
  2314 | D:3      | Reached skill level 5 in Long Blades
  2714 | D:4      | Reached XP level 6. HP: 53/55 MP: 5/5
  2720 | D:4      | Reached skill level 1 in Slings
  2738 | D:4      | Found a sand-covered staircase.
  2745 | Ossuary  | Entered an ossuary
  2801 | Ossuary  | Reached skill level 5 in Armour
  2801 | Ossuary  | Reached skill level 5 in Shields
  2839 | Ossuary  | Reached skill level 5 in Fighting
  2893 | Ossuary  | Reached XP level 7. HP: 61/61 MP: 6/6
  2902 | Ossuary  | Reached skill level 6 in Long Blades
  3777 | D:5      | Entered Level 5 of the Dungeon
  3855 | D:5      | Found a staircase to the Ecumenical Temple.
  3864 | Temple   | Entered the Ecumenical Temple
  3881 | Temple   | Became a worshipper of Yredelemnul the Dark
  4140 | D:5      | Found a stormy altar of Qazlal.
  4768 | D:6      | Reached skill level 7 in Long Blades
  4768 | D:6      | Reached XP level 8. HP: 31/70 MP: 7/7
  5197 | D:6      | Found Ciefyar's Gadget Boutique.
  5211 | D:6      | Bought a wand of digging (13) for 374 gold pieces
  5328 | D:6      | Got a pair of jewelled gloves
  5334 | D:6      | Identified the +0 pair of gloves "Arphaw" {Str+4} (You
                  | found it on level 6 of the Dungeon)
  5411 | D:6      | Reached skill level 1 in Invocations
  5458 | D:6      | Reached skill level 8 in Long Blades
  5625 | D:7      | Reached * piety under Yredelemnul
  5855 | D:7      | Noticed Menkaure
  5885 | D:7      | Reached XP level 9. HP: 76/78 MP: 9/9
  5887 | D:7      | Killed Menkaure
  5921 | D:7      | Reached skill level 9 in Long Blades
  6280 | D:7      | Found a shimmering altar of Xom.
  6291 | D:7      | Reached ** piety under Yredelemnul
  6525 | D:7      | You fall through a shaft for 2 floors!
  6599 | D:9      | Found a viscous altar of Jiyva.
  6632 | D:9      | Noticed a troll
  6659 | D:9      | Killed a troll
  6659 | D:9      | Reached skill level 1 in Evocations
  7140 | D:9      | Reached skill level 10 in Long Blades
  7183 | D:9      | Reached XP level 10. HP: 58/88 MP: 11/11
  7243 | D:9      | Noticed a two-headed ogre
  7247 | D:9      | Noticed Grum
  7261 | D:9      | Killed a two-headed ogre
  7738 | D:8      | Reached *** piety under Yredelemnul
  8025 | D:8      | Reached skill level 11 in Long Blades
  8345 | D:7      | Received a gift from Yredelemnul (a mummy)
  9143 | D:10     | Entered Level 10 of the Dungeon
  9306 | D:9      | Killed Grum
  9558 | D:10     | Noticed a two-headed ogre
  9566 | D:10     | Killed a two-headed ogre
  9566 | D:10     | Reached skill level 12 in Long Blades
  9630 | D:10     | Reached XP level 11. HP: 94/97 MP: 12/12
  9679 | D:10     | Found an ornate altar of the Wu Jian Council.
  9798 | D:10     | Reached skill level 1 in Dodging
 10028 | D:10     | Reached **** piety under Yredelemnul
 10213 | D:10     | Received a gift from Yredelemnul (a mummy)
 10454 | D:11     | Found a labyrinth entrance.
 10463 | Lab      | Entered a labyrinth
 10869 | Lab      | Killed an unseen horror
 10872 | Lab      | Killed an unseen horror
 10872 | Lab      | Reached skill level 10 in Shields
 11255 | Lab      | Reached skill level 10 in Fighting
 11285 | Lab      | Got a scintillating platinum ring
 11290 | Lab      | Identified the ring "Vuoxtim" {rC- MP+9 Dex+6 Slay+2} (You
                  | found it in a labyrinth)
 11297 | Lab      | Noticed a minotaur
 11306 | Lab      | Reached skill level 13 in Long Blades
 11306 | Lab      | Reached skill level 10 in Armour
 11312 | Lab      | HP: 1/99 [minotaur (10)]
 11693 | Lab      | Received a gift from Yredelemnul (4 flying skulls)
 11950 | Lab      | Killed a minotaur
 11969 | Lab      | Identified Sif Muna's Reference Book on Captivating
                  | Self-Knowledge
 12306 | D:11     | Received a gift from Yredelemnul (a wight)
 12325 | D:11     | Found a staircase to the Lair.
 12636 | D:11     | Identified a scroll of acquirement
 12678 | D:11     | Found a staircase to the Orcish Mines.
 12686 | D:11     | Reached XP level 12. HP: 107/107 MP: 13/13
 13096 | D:12     | Found Ytemp's Antique Weapon Emporium.
 13118 | D:12     | Noticed Nergalle
 13138 | D:12     | Killed Nergalle
 13151 | D:12     | Reached ***** piety under Yredelemnul
 13154 | D:12     | Noticed a two-headed ogre
 13163 | D:12     | Killed a two-headed ogre
 13169 | D:12     | Noticed Rupert
 13194 | D:12     | Your ally Nergalle died
 13211 | D:12     | HP: 4/108 [Rupert/+2 battleaxe of flaming (3)]
 13225 | D:11     | HP: 1/108 [Rupert/+2 battleaxe of flaming (6)]
 13225 | D:11     | Slain by Rupert

Vault maps used:
D:1:      minmay_arrival_four_circles
D:4:      kennysheep_the_goblin_king, nicolae_ossuary_entry_monument,
          st_stairs_1
D:5:      nicolae_qazlal_general_emergency, minmay_temple_entry_trees,
          first_ration
D:6:      serial_shops, shop, serial_glass, glass_columns_a, glass_columns_a,
          glass_columns_a, glass_columns_a, glass_columns_a, due_unseen_surprise
D:7:      the_bakery, tgw_xom, uniq_menkaure
D:8:      minivault_19
D:9:      jiyva_altar_1, uniq_grum
D:10:     basic_altar
D:11:     erik_lair_orcish_takeover, kennysheep_orc_monster_closet_entryway,
          lab_entry_generic, centaur_isle
D:12:     cheibrodos_helix_gallery, serial_shops, shop, nicolae_water_bricks,
          spider_trap, uniq_rupert, uniq_nergalle
Temple:   grunt_wide_crystal_templ
Lab:      nicolae_lab_diamond, nicolae_lab_lava, nicolae_lab_grate,
          nicolae_lab_quarters, labyrinth_lava_lair, nicolae_lab_flowing_pool,
          labyrinth_skeletal_remains, nicolae_lab_arrow, nicolae_lab_do_over
Ossuary:  ossuary_tomb_2

Skill      XL: |  1  2  3  4  5  6  7  8  9 10 11 |
---------------+----------------------------------+-----
Long Blades    | 3 4 5 7 8 10 12 13 | 13.9
Armour         | 4 5 6 8 9 10 | 10.6
Fighting       | 4 5 6 8 9 10 | 10.7
Shields        | 4 5 6 7 8 9 10 | 10.7
Slings         | 2 3 |  3.0
Invocations    | 2 3 |  3.4
Evocations     | 2 3 |  3.0
Dodging        | 4 |  4.7

Action                   |  1- 3 |  4- 6 |  7- 9 | 10-12 || total
-------------------------+-------+-------+-------+-------++-------
Melee: Long sword        |   125 |    80 |   229 |   413 ||   847
       Headbutt          |    11 |    36 |   120 |   174 ||   341
       Dagger            |       |   135 |   289 |   244 ||   668
 Fire: Hunting sling     |     3 |       |    28 |    28 ||    59
Throw: Javelin           |       |       |     3 |       ||     3
Invok: Animate Remains   |       |       |     1 |     1 ||     2
       Animate Dead      |       |       |       |     5 ||     5
Evoke: Wand              |       |       |     2 |     7 ||     9
  Use: Scroll            |       |     8 |     3 |    11 ||    22
       Potion            |       |     1 |       |     5 ||     6
 Stab: Paralysed         |       |       |     4 |     2 ||     6
       Distracted        |       |       |       |     5 ||     5
       Confused          |       |       |       |     1 ||     1
  Eat: Chunk             |     2 |     5 |    14 |    21 ||    42
       Ration            |       |       |       |     5 ||     5
Armor: Scale mail        |     9 |       |       |       ||     9
       Chain mail        |    55 |    57 |       |       ||   112
       Plate armour      |       |    60 |   195 |   334 ||   589
Dodge: Dodged            |    17 |    26 |    54 |    91 ||   188
Block: Shield            |    74 |   120 |   250 |   403 ||   847
       Rpst.: Long sword |     4 |       |    10 |    12 ||    26

Table legend:
 A = Non-vault XP
 B = Vault XP
 C = Vault XP percentage of total XP
 D = Non-vault monster count
 E = Vault monster count
 F = Vault count percentage of total count
                 A         B        C        D         E       F
            +---------+---------+-------+---------+---------+-------
      Total |   16224 |    9354 |  36.6 |     281 |     112 |  28.5
            +---------+---------+-------+---------+---------+-------
        D:1 |      16 |       0 |   0.0 |      10 |       0 |   0.0
        D:2 |      77 |       0 |   0.0 |      26 |       0 |   0.0
        D:3 |     261 |       0 |   0.0 |      34 |       0 |   0.0
        D:4 |     311 |      15 |   4.6 |      19 |       8 |  29.6
        D:5 |     124 |       0 |   0.0 |       7 |       0 |   0.0
        D:6 |    1030 |       0 |   0.0 |      27 |       0 |   0.0
        D:7 |    1230 |     520 |  29.7 |      33 |       8 |  19.5
        D:8 |    1899 |       0 |   0.0 |      28 |       0 |   0.0
        D:9 |    3134 |     713 |  18.5 |      36 |       8 |  18.2
       D:10 |    3945 |       0 |   0.0 |      35 |       0 |   0.0
       D:11 |    2234 |    2127 |  48.8 |      16 |      34 |  68.0
       D:12 |    1163 |    1525 |  56.7 |       9 |       3 |  25.0
        Lab |     800 |    3966 |  83.2 |       1 |      18 |  94.7
    Ossuary |       0 |     488 | 100.0 |       0 |      33 | 100.0
            +---------+---------+-------+---------+---------+-------
